Workbook
Name Items: #REF!
Name КВСР: [1]список!$D$2:$D$17
Name НаименДолжн: '[1]Штатное расписание'!$B$8:$B$307
Name Организация: OFFSET([1]список!$E$1,MATCH('[1]Данные по учрежд'!$B$2,[1]список!$E$1:$E$65536,0)-1,1,COUNTIF([1]список!$E$1:$E$65536,'[1]Данные по учрежд'!$B$2),1)
Name СубКОСГУ: [1]список!$B$1:$B$17
Name ТипСредств: [1]список!$C$2:$C$8
Name ЭКР: [1]список!$A$2:$A$21

Sheet Ведом
A2: Приложение 4
A3: к решению Собрания представителей
A4: муниципального района Клявлинский Самарской области
A5: "О бюджете муниципального района Клявлинский Самарской области
A6: на 2024 год и плановый период 2025 и 2026 годов"
A8: 0 | B8: ЕСЛИ(E7=0;ЕСЛИ(D7=0;ЕСЛИ(C7=0;ИНДЕКС(ГРБС!B$1:B$10;ПОИСКПОЗ(A7;ГРБС!A$1:A$10;0));ИНДЕКС(ФКР!B$1:B$113;ПОИСКПОЗ(ЛЕВСИМВ(ЗНАЧЕН(C7);4);ЛЕВСИМВ(ЗНАЧЕН(ФКР!A$1:A$113);4);0)));ИНДЕКС(КЦСР!B$1:B$1024;ПОИСКПОЗ(ЛЕВСИМВ(ЗНАЧЕН(D7);7);ЛЕВСИМВ(ЗНАЧЕН(КЦСР!A$1:A$1024);7);0)));ИНДЕКС(КВР!B$1:B$150;ПОИСКПОЗ(ЛЕВСИМВ(ЗНАЧЕН(E7);3);ЛЕВСИМВ(ЗНАЧЕН(КВР!A$1:A$150);3);0))) | C8: 0 | D8: 0 | E8: 0 | F8: 0 | G8: 0
A9: Ведомственная структура расходов бюджета муниципального района Клявлинский Самарской области на 2024 год
A11: код ГРБС | B11: Наименование главного распорядителя средств муниципального бюджета, раздела подраздела, целевой статьи, групп и подгрупп видов расходов | C11: Рз Пр | D11: ЦСР | E11: ВР | F11: Сумма, тыс. руб.
F13: Всего | G13: в том числе за счет безвозмезд-ных поступлений имеющие целевое назначение из вышестоящих бюджетов
A15: 922 | B15: Муниципальное казенное учреждение "Управление финансами муниципального района Клявлинский Самарской области" | C15: 0 | D15: 0 | E15: 0 | F15: =F16+F26+F34+F41+F45+F49+F53 -> 56176.163 | G15: =G16+G26+G34+G41+G45+G49+G53 -> 390
A16: 0 | B16: Функционирование Правительства Российской Федерации, высших исполнительных органов государственной власти субъектов Российской Федерации, местных администраций | C16: 104 | D16: 0 | E16: 0 | F16: =F17 -> 813.915 | G16: 0
A17: 0 | B17: Муниципальная программа "Управление муниципальными финансами и развитие межбюджетных отношений на 2018-2027 годы" | C17: 104 | D17: 0100000000 | E17: 0 | F17: =F18+F20 -> 813.915 | G17: 0
A18: 0 | B18: Расходы на выплаты персоналу в целях обеспечения выполнения функций государственными (муниципальными) органами, казенными учреждениями, органами управления государственными внебюджетными фондами | C18: 104 | D18: 0100000000 | E18: 100 | F18: =F19 -> 813.915 | G18: 0
A19: 0 | B19: Расходы на выплаты персоналу казенных учреждений | C19: 104 | D19: 0100000000 | E19: 110 | F19: 813.915 | G19: 0
A20: 0 | B20: Закупка товаров, работ и услуг для обеспечения государственных (муниципальных) нужд | C20: 104 | D20: 0100000000 | E20: 200 | F20: =F21 -> 0 | G20: 0
A21: 0 | B21: Иные закупки товаров, работ и услуг для обеспечения государственных (муниципальных) нужд | C21: 104 | D21: 0100000000 | E21: 240 | G21: 0
A22: 0 | B22: Иные бюджетные ассигнования | C22: 104 | D22: 0100111000 | E22: 800 | F22: 0 | G22: 0
A23: 0 | B23: Уплата налогов, сборов и иных платежей | C23: 104 | D23: 0100111000 | E23: 850 | F23: 0 | G23: 0
B24: Иные бюджетные ассигнования | C24: 104 | D24: 0100111000 | E24: 800 | F24: =F25 -> 0
B25: Уплата налогов, сборов и иных платежей | C25: 104 | D25: 0100111000 | E25: 850 | F25: 0
A26: 0 | B26: Обеспечение деятельности финансовых, налоговых и таможенных органов и органов финансового (финансово-бюджетного) надзора | C26: 106 | D26: 0 | E26: 0 | F26: =F27 -> 13672.424 | G26: 0
A27: 0 | B27: Муниципальная программа "Управление муниципальными финансами и развитие межбюджетных отношений на 2018-2027 годы" | C27: 106 | D27: 0100000000 | E27: 0 | F27: =F28+F30+F32 -> 13672.424 | G27: 0
A28: 0 | B28: Расходы на выплаты персоналу в целях обеспечения выполнения функций государственными (муниципальными) органами, казенными учреждениями, органами управления государственными внебюджетными фондами | C28: 106 | D28: 0100000000 | E28: 100 | F28: =F29 -> 13128.707 | G28: 0
A29: 0 | B29: Расходы на выплаты персоналу казенных учреждений | C29: 106 | D29: 0100000000 | E29: 110 | F29: 13128.707 | G29: 0
A30: 0 | B30: Закупка товаров, работ и услуг для обеспечения государственных (муниципальных) нужд | C30: 106 | D30: 0100000000 | E30: 200 | F30: =F31 -> 543.717 | G30: 0
A31: 0 | B31: Иные закупки товаров, работ и услуг для обеспечения государственных (муниципальных) нужд | C31: 106 | D31: 0100000000 | E31: 240 | F31: 543.717 | G31: 0
A32: 0 | B32: Иные бюджетные ассигнования | C32: 106 | D32: 0100000000 | E32: 800 | F32: =F33 -> 0 | G32: 0
A33: 0 | B33: Уплата налогов, сборов и иных платежей | C33: 106 | D33: 0100000000 | E33: 850 | G33: 0
B34: Другие общегосударственные вопросы | C34: 113 | F34: =F35+F38 -> 0
B35: Муниципальная программа "Управление муниципальными финансами и развитие межбюджетных отношений на 2018-2026 годы" | C35: 113 | D35: 0100000000 | F35: =F36 -> 0
B36: Закупка товаров, работ и услуг для обеспечения государственных (муниципальных) нужд | C36: 113 | D36: 0100000000 | E36: 200 | F36: =F37 -> 0
B37: Иные закупки товаров, работ и услуг для обеспечения государственных (муниципальных) нужд | C37: 113 | D37: 0100000000 | E37: 240
B38: Муниципальная программа "Профилактика правонарушений и обеспечение общественной безопасности в муниципальном районе Клявлинский на 2020-2026 годы" | C38: 113 | D38: 4800000000 | F38: =F39 -> 0
B39: Закупка товаров, работ и услуг для обеспечения государственных (муниципальных) нужд | C39: 113 | D39: 4800000000 | E39: 200 | F39: =F40 -> 0
B40: Иные закупки товаров, работ и услуг для обеспечения государственных (муниципальных) нужд | C40: 113 | D40: 4800000000 | E40: 240
A41: 0 | B41: Общее образование | C41: 702 | D41: 0 | E41: 0 | F41: =F42 -> 1007.154 | G41: 0
A42: 0 | B42: Муниципальная программа "Управление муниципальными финансами и развитие межбюджетных отношений на 2018-2027 годы" | C42: 702 | D42: 0100000000 | E42: 0 | F42: =F43 -> 1007.154 | G42: 0
A43: 0 | B43: Межбюджетные трансферты | C43: 702 | D43: 0100000000 | E43: 500 | F43: =F44 -> 1007.154 | G43: 0
A44: 0 | B44: Иные межбюджетные трансферты | C44: 702 | D44: 0100000000 | E44: 540 | F44: 1007.154 | G44: 0
A45: 0 | B45: Обслуживание государственного (муниципального) внутреннего долга | C45: 1301 | D45: 0 | E45: 0 | F45: =F46 -> 2020 | G45: 0
A46: 0 | B46: Муниципальная программа "Управление муниципальными финансами и развитие межбюджетных отношений на 2018-2027 годы" | C46: 1301 | D46: 100000000 | E46: 0 | F46: =F47 -> 2020 | G46: 0
A47: 0 | B47: Обслуживание государственного (муниципального) долга | C47: 1301 | D47: 100000000 | E47: 700 | F47: =F48 -> 2020 | G47: 0
A48: 0 | B48: Обслуживание муниципального долга | C48: 1301 | D48: 100000000 | E48: 730 | F48: 2020 | G48: 0
A49: 0 | B49: Дотации на выравнивание бюджетной обеспеченности субъектов Российской Федерации и муниципальных образований | C49: 1401 | D49: 0 | E49: 0 | F49: =F50 -> 24915 | G49: =G50 -> 390
A50: 0 | B50: Муниципальная программа "Управление муниципальными финансами и развитие межбюджетных отношений на 2018-2027 годы" | C50: 1401 | D50: 0100000000 | E50: 0 | F50: =F51 -> 24915 | G50: =G51 -> 390
A51: 0 | B51: Межбюджетные трансферты | C51: 1401 | D51: 0100000000 | E51: 500 | F51: =F52 -> 24915 | G51: =G52 -> 390
A52: 0 | B52: Дотации | C52: 1401 | D52: 0100000000 | E52: 510 | F52: 24915 | G52: 390
A53: 0 | B53: Прочие межбюджетные трансферты общего характера | C53: 1403 | D53: 0 | E53: 0 | F53: =F54 -> 13747.67 | G53: 0
A54: 0 | B54: Муниципальная программа "Управление муниципальными финансами и развитие межбюджетных отношений на 2018-2027 годы" | C54: 1403 | D54: 0100000000 | E54: 0 | F54: =F55 -> 13747.67 | G54: 0
A55: 0 | B55: Межбюджетные трансферты | C55: 1403 | D55: 0100000000 | E55: 500 | F55: =F56 -> 13747.67 | G55: 0
A56: 0 | B56: Иные межбюджетные трансферты | C56: 1403 | D56: 0100000000 | E56: 540 | F56: 13747.67 | G56: 0
A57: 938 | B57: Муниципальное учреждение-Комитет по управлению муниципальным имуществом администрации муниципального района Клявлинский Самарской области | C57: 0 | D57: 0 | E57: 0 | F57: =F58+F74+F78+F89+F100+F96+F104+F108+F115+F122+F131+F143 -> 110571.52 | G57: =G58+G74+G78+G89+G100+G96+G104+G108+G115+G122+G131+G143 -> 12685.342
A58: 0 | B58: Другие общегосударственные вопросы | C58: 113 | D58: 0 | E58: 0 | F58: =F59+F66 -> 31050.205 | G58: =G59+G66 -> 0
A59: 0 | B59: Муниципальная программа "Управление имуществом муниципального района Клявлинский на 2019-2027 годы" | C59: 113 | D59: 0200000000 | E59: 0 | F59: =F60+F62+F64 -> 4176.048 | G59: 0
A60: 0 | B60: Расходы на выплаты персоналу в целях обеспечения выполнения функций государственными (муниципальными) органами, казенными учреждениями, органами управления государственными внебюджетными фондами | C60: 113 | D60: 0200000000 | E60: 100 | F60: =F61 -> 2360.066 | G60: 0
A61: 0 | B61: Расходы на выплаты персоналу казенных учреждений | C61: 113 | D61: 0200000000 | E61: 110 | F61: 2360.066 | G61: 0
A62: 0 | B62: Закупка товаров, работ и услуг для обеспечения государственных (муниципальных) нужд | C62: 113 | D62: 0200000000 | E62: 200 | F62: =F63 -> 1273.982 | G62: 0
A63: 0 | B63: Иные закупки товаров, работ и услуг для обеспечения государственных (муниципальных) нужд | C63: 113 | D63: 0200000000 | E63: 240 | F63: 1273.982 | G63: 0
A64: 0 | B64: Иные бюджетные ассигнования | C64: 113 | D64: 0200000000 | E64: 800 | F64: =F65 -> 542 | G64: 0
A65: 0 | B65: Уплата налогов, сборов и иных платежей | C65: 113 | D65: 0200000000 | E65: 850 | F65: 542 | G65: 0
A66: 0 | B66: Муниципальная программа "Снижение административных барьеров, повышение качества предоставления государственных и муниципальных услуг" на базе "Многофункционального центра предоставления государственных и муниципальных услуг" муниципального района Клявлинский Самарской области на 2012-2027 годы" | C66: 113 | D66: 0400000000 | E66: 0 | F66: =F67 -> 26874.157 | G66: =G67 -> 0
A67: 0 | B67: Предоставление субсидий бюджетным, автономным учреждениям и иным некоммерческим организациям | C67: 113 | D67: 0400000000 | E67: 600 | F67: =F68 -> 26874.157 | G67: =G68 -> 0
A68: 0 | B68: Субсидии автономным учреждениям | C68: 113 | D68: 0400000000 | E68: 620 | F68: 26874.157
B69: Непрограммные направления расходов местного бюджета | C69: 113 | D69: 9000000000 | F69: =F70 -> 0
B70: Закупка товаров, работ и услуг для муниципальных нужд | C70: 113 | D70: 9000020000 | F70: =F71 -> 0
B71: Реализация функций управления муниципальным образованием общего значения | C71: 113 | D71: 9000022000 | F71: =F72 -> 0
B72: Закупка товаров, работ и услуг для обеспечения государственных (муниципальных) нужд | C72: 113 | D72: 9000022000 | E72: 200 | F72: =F73 -> 0
B73: Иные закупки товаров, работ и услуг для обеспечения государственных (муниципальных) нужд | C73: 113 | D73: 9000022000 | E73: 240
A74: 0 | B74: Дорожное хозяйство (дорожные фонды) | C74: 409 | D74: 0 | E74: 0 | F74: =F75 -> 13705.469 | G74: 0
A75: 0 | B75: Муниципальная программа "Модернизация и развитие автомобильных дорог общего пользования местного значения вне границ населенных пунктов в границах муниципального района Клявлинский Самарской области на 2014-2027 годы" | C75: 409 | D75: 1100000000 | E75: 0 | F75: =F76 -> 13705.469 | G75: 0
A76: 0 | B76: Закупка товаров, работ и услуг для обеспечения государственных (муниципальных) нужд | C76: 409 | D76: 1100000000 | E76: 200 | F76: =F77 -> 13705.469 | G76: 0
A77: 0 | B77: Иные закупки товаров, работ и услуг для обеспечения государственных (муниципальных) нужд | C77: 409 | D77: 1100000000 | E77: 240 | F77: 13705.469 | G77: 0
A78: 0 | B78: Другие вопросы в области национальной экономики | C78: 412 | D78: 0 | E78: 0 | F78: =F82+F85+F79 -> 715.17 | G78: =G82+G85+G79 -> 90.972
B79: Муниципальная программа "Управление имуществом муниципального района Клявлинский на 2019-2027 годы" | C79: 412 | D79: 0200000000 | F79: =F80 -> 100.87 | G79: =G80 -> 90.972
B80: Закупка товаров, работ и услуг для обеспечения государственных (муниципальных) нужд | C80: 412 | D80: 0200000000 | E80: 200 | F80: =F81 -> 100.87 | G80: =G81 -> 90.972
B81: Иные закупки товаров, работ и услуг для обеспечения государственных (муниципальных) нужд | C81: 412 | D81: 0200000000 | E81: 240 | F81: 100.87 | G81: 90.972
B82: Муниципальная программа "Поддержка и развитие малого и среднего предпринимательства на территории муниципального района Клявлинский Самарской области" на 2023 - 2027 годы | C82: 412 | D82: 1700000000 | F82: =F83 -> 614.3
B83: Предоставление субсидий бюджетным, автономным учреждениям и иным некоммерческим организациям | C83: 412 | D83: 1700000000 | E83: 600 | F83: =F84 -> 614.3
B84: Субсидии некоммерческим организациям (за исключением государственных (муниципальных) учреждений, государственных корпораций (компаний), публично-правовых компаний) | C84: 412 | D84: 1700000000 | E84: 630 | F84: 614.3
B85: Непрограммные направления расходов местного бюджета | C85: 412 | D85: 9000000000 | F85: =F86 -> 0 | G85: =G86 -> 0
B86: Непрограммные направления местного бюджета в области национальной экономики | C86: 412 | D86: 9040000000 | F86: =F87 -> 0 | G86: =G87 -> 0
B87: Закупка товаров, работ и услуг для обеспечения государственных (муниципальных) нужд | C87: 412 | D87: 9040000000 | E87: 200 | F87: =F88 -> 0 | G87: =G88 -> 0
B88: Иные закупки товаров, работ и услуг для обеспечения государственных (муниципальных) нужд | C88: 412 | D88: 9040000000 | E88: 240 | F88: 0 | G88: 0
A89: 0 | B89: Жилищное хозяйство | C89: 501 | D89: 0 | E89: 0 | F89: =F90 -> 260 | G89: =G90 -> 0
A90: 0 | B90: Муниципальная программа "Управление имуществом муниципального района Клявлинский на 2019-2027 годы" | C90: 501 | D90: 0200000000 | E90: 0 | F90: =F94 -> 260 | G90: 0
A91: 0 | B91: Непрограммные направления расходов местного бюджета | C91: 501 | D91: 9000000000 | E91: 0 | F91: 0 | G91: 0
A92: 0 | B92: Непрограммные направления расходов местного бюджета | C92: 501 | D92: 9000000000 | E92: 0 | F92: 0 | G92: 0
A93: 0 | B93: Взносы на обеспечение мероприятий по капитальному ремонту многоквартирных домов | C93: 501 | D93: 9000000000 | E93: 0 | F93: 0 | G93: 0
A94: 0 | B94: Закупка товаров, работ и услуг для обеспечения государственных (муниципальных) нужд | C94: 501 | D94: 0200000000 | E94: 200 | F94: =F95 -> 260 | G94: 0
A95: 0 | B95: Иные закупки товаров, работ и услуг для обеспечения государственных (муниципальных) нужд | C95: 501 | D95: 0200000000 | E95: 240 | F95: 260 | G95: 0
B96: Благоустройство | C96: 503 | F96: =F97 -> 1734.718 | G96: =G97 -> 0
B97: Муниципальная программа "Формирование комфортной городской среды на территории муниципального района Клявлинский Самарской области на 2018-2024 годы" | C97: 503 | D97: 4000000000 | F97: =F98 -> 1734.718 | G97: =G98 -> 0
B98: Закупка товаров, работ и услуг для обеспечения государственных (муниципальных) нужд | C98: 503 | D98: 4000000000 | E98: 200 | F98: =F99 -> 1734.718 | G98: =G99 -> 0
B99: Иные закупки товаров, работ и услуг для обеспечения государственных (муниципальных) нужд | C99: 503 | D99: 4000000000 | E99: 240 | F99: 1734.718
B100: Другие вопросы в области охраны окружающей среды | C100: 605 | F100: =F101 -> 304 | G100: =G101 -> 300
B101: Муниципальная программа "Управление имуществом муниципального района Клявлинский на 2019-2027 годы" | C101: 605 | D101: 200000000 | F101: =F102 -> 304 | G101: =G102 -> 300
B102: Закупка товаров, работ и услуг для обеспечения государственных (муниципальных) нужд | C102: 605 | D102: 200000000 | E102: 200 | F102: =F103 -> 304 | G102: =G103 -> 300
B103: Иные закупки товаров, работ и услуг для обеспечения государственных (муниципальных) нужд | C103: 605 | D103: 200000000 | E103: 240 | F103: 304 | G103: 300
A104: 0 | B104: Молодежная политика | C104: 707 | D104: 0 | E104: 0 | F104: =F105 -> 3044.941 | G104: =G105 -> 303.401
A105: 0 | B105: Муниципальная программа "Развитие культуры, молодежной политики и спорта муниципального района Клявлинский до 2027 года" | C105: 707 | D105: 0500000000 | E105: 0 | F105: =F106 -> 3044.941 | G105: =G106 -> 303.401
...

Sheet Для работы 
A2: КВР | B2: ЕСЛИ(C7=0;ЕСЛИ(B7=0;ИНДЕКС(ФКР!B$1:B$113;ПОИСКПОЗ(ЛЕВСИМВ(ЗНАЧЕН(A7);4);ЛЕВСИМВ(ЗНАЧЕН(ФКР!A$1:A$113);4);0));ИНДЕКС(КЦСР!B$1:B$1024;ПОИСКПОЗ(ЛЕВСИМВ(ЗНАЧЕН(B7);7);ЛЕВСИМВ(ЗНАЧЕН(КЦСР!A$1:A$1024);7);0)));ИНДЕКС(КВР!B$1:B$150;ПОИСКПОЗ(ЛЕВСИМВ(ЗНАЧЕН(C7);3);ЛЕВСИМВ(ЗНАЧЕН(КВР!A$1:A$150);3);0))) | C2: 0 | D2: 0
A3: Распределение бюджетных ассигнований по разделам, подразделам классификации расходов бюджетов муниципального района Клявлинский Самарской области на 2024 год
A5: Рз Пр | B5: Наименование раздела, подраздела расходов | C5: Сумма, тыс. руб.
C7: Всего | D7: в том числе за счет безвозмезд-ных поступлений имеющие целевое назначение из вышестоящих бюджетов
A8: 0100 | B8: ОБЩЕГОСУДАРСТВЕННЫЕ ВОПРОСЫ | C8: =C9+C10+C11+C12+C14+C15 -> 85926.42 | D8: =D9+D10+D11+D12+D14+D15 -> 5348.26
A9: 102 | B9: Функционирование высшего должностного лица субъекта Российской Федерации и муниципального образования | C9: =Ведом!F156 -> 2955.437 | D9: =Ведом!G156 -> 0
A10: 104 | B10: Функционирование Правительства Российской Федерации, высших исполнительных органов государственной власти субъектов Российской Федерации, местных администраций | C10: =Ведом!F160+Ведом!F16 -> 18448.746 | D10: =Ведом!G16+Ведом!G160 -> 837.511
A11: 105 | B11: Судебная система | C11: =Ведом!F185 -> 5.514 | D11: =Ведом!G185 -> 5.514
A12: 106 | B12: Обеспечение деятельности финансовых, налоговых и таможенных органов и органов финансового (финансово-бюджетного) надзора | C12: =Ведом!F26+Ведом!F351 -> 15086.156 | D12: =Ведом!G26 -> 0
A13: 107 | B13: Обеспечение проведения выборов и референдумов
A14: 111 | B14: Резервные фонды | C14: =Ведом!F190 -> 100 | D14: =Ведом!G190 -> 0
A15: 113 | B15: Другие общегосударственные вопросы | C15: =Ведом!F58+Ведом!F198+Ведом!F34 -> 49330.567 | D15: =Ведом!G58+Ведом!G198 -> 4505.235
A16: 113 | B16: Непрограммные направления расходов местного бюджета | C16: =C17+C21 -> 0 | D16: =D17+D21 -> 0
A17: 113 | B17: Закупка товаров, работ и услуг для муниципальных нужд | C17: =C18 -> 0
A18: 113 | B18: Реализация функций управления муниципальным образованием общего значения | C18: =C19 -> 0
A19: 113 | B19: Закупка товаров, работ и услуг для обеспечения государственных (муниципальных) нужд | C19: =C20 -> 0
A20: 113 | B20: Иные закупки товаров, работ и услуг для обеспечения государственных (муниципальных) нужд | C20: =Ведом!F73+Ведом!F234 -> 0
A21: 113 | B21: Иные направления расходов | C21: =C22 -> 0 | D21: =D22 -> 0
A22: 113 | B22: Иные бюджетные ассигнования | C22: =C23 -> 0 | D22: =D23 -> 0
A23: 113 | B23: Исполнение судебных актов | C23: =Ведом!F230 -> 0
A24: 0400 | B24: НАЦИОНАЛЬНАЯ ЭКОНОМИКА | C24: =C25+C26+C27+C28 -> 29687.451 | D24: =D25+D26+D27+D28 -> 8904.049
A25: 405 | B25: Сельское хозяйство и рыболовство | C25: =Ведом!F238 -> 13350.502 | D25: =Ведом!G238 -> 8813.077
A26: 408 | B26: Транспорт | C26: =Ведом!F273 -> 1871.31 | D26: =Ведом!G273 -> 0
A27: 409 | B27: Дорожное хозяйство (дорожные фонды) | C27: =Ведом!F74 -> 13705.469 | D27: =Ведом!G74 -> 0
A28: 412 | B28: Другие вопросы в области национальной экономики | C28: =Ведом!F78+Ведом!F287 -> 760.17 | D28: =Ведом!G78+Ведом!G287 -> 90.972
A29: 0500 | B29: ЖИЛИЩНО-КОММУНАЛЬНОЕ ХОЗЯЙСТВО | C29: =C30+C31+C32 -> 1994.718 | D29: =D30+D31+D32 -> 0
A30: 501 | B30: Жилищное хозяйство | C30: =Ведом!F89 -> 260 | D30: 0
A31: 502 | B31: Коммунальное хозяйство | C31: =Ведом!F294 -> 0 | D31: =Ведом!G294 -> 0
A32: 503 | B32: Благоустройство | C32: =Ведом!F99 -> 1734.718 | D32: =Ведом!G99 -> 0
A33: 600 | B33: Охрана окружающей среды | C33: =C34 -> 304 | D33: =D34 -> 300
A34: 605 | B34: Другие вопросы в области охраны окружающей среды | C34: =Ведом!F100 -> 304 | D34: =Ведом!G100 -> 300
A35: 0700 | B35: ОБРАЗОВАНИЕ | C35: =C36+C44+C45+C46 -> 73773.135 | D35: =D36+D44+D45+D46 -> 16743.245
A36: 701 | B36: Дошкольное образование | C36: =Ведом!F298 -> 12862.73 | D36: =Ведом!G298 -> 470
A37: 701 | B37: Расходы местного бюджета, источником финансового обеспечения которых являются субсидии из областного бюджета, а также расходы местных бюджетов, в целях софинансирования которых из областного бюджета предоставляются местным бюджетам субсидии | C37: =C38 -> #REF! | D37: =D38 -> #REF!
A38: 701 | B38: Субсидии местным бюджетам для софинансирования расходных обязательств по вопросам местного значения, предоставляемых с учетом выполнения показателей социально-экономического развития (стимулирующие субсидии) | C38: =C41 -> #REF! | D38: =D41 -> #REF!
A39: 701 | B39: Субсидии местным бюджетам для софинансирования расходных обязательств по вопросам местного значения, предоставляемых с учетом выполнения показателей социально-экономического развития (стимулирующие субсидии) | C39: 0 | D39: 0
A40: 701 | B40: Субсидии местным бюджетам для софинансирования расходных обязательств по вопросам местного значения, предоставляемых с учетом выполнения показателей социально-экономического развития (стимулирующие субсидии) | C40: 0 | D40: 0
A41: 701 | B41: Расходы местного бюджета за счет стимулирующих субсидий, направленные на обеспечение организации образовательного процесса в сфере образования | C41: =C42 -> #REF! | D41: =D42 -> #REF!
A42: 701 | B42: Предоставление субсидий бюджетным, автономным учреждениям и иным некоммерческим организациям | C42: =C43 -> #REF! | D42: =D43 -> #REF!
A43: 701 | B43: Субсидии автономным учреждениям | C43: =Ведом!#REF! -> #REF! | D43: =Ведом!#REF! -> #REF!
A44: 702 | B44: Общее образование | C44: =Ведом!F41+Ведом!F313 -> 56046.36 | D44: =Ведом!G41+Ведом!G313 -> 14150.74
A45: 707 | B45: Молодежная политика | C45: =Ведом!F104+Ведом!F320 -> 4864.045 | D45: =Ведом!G104+Ведом!G320 -> 2122.505
A46: 709 | B46: Другие вопросы в области образования | C46: =Ведом!F329 -> 0 | D46: =Ведом!G329 -> 0
A47: 0800 | B47: КУЛЬТУРА, КИНЕМАТОГРАФИЯ | C47: =C48 -> 42322.959 | D47: =D48 -> 0
A48: 801 | B48: Культура | C48: =Ведом!F108+Ведом!F324 -> 42322.959 | D48: =Ведом!G108+Ведом!G324 -> 0
A49: 1000 | B49: СОЦИАЛЬНАЯ ПОЛИТИКА | C49: =C50+C51+C52+C80 -> 22474.236 | D49: =D50+D51+D52+D80 -> 19707.679
A50: 1001 | B50: Пенсионное обеспечение | C50: =Ведом!F333 -> 2150.592 | D50: 0
A51: 1003 | B51: Социальное обеспечение населения | C51: =Ведом!F115 -> 1833.65 | D51: =Ведом!G115 -> 1820
A52: 1004 | B52: Охрана семьи и детства | C52: =Ведом!F122+Ведом!F337 -> 18439.994 | D52: =Ведом!G122+Ведом!G337 -> 17887.679
A53: 1004 | B53: Непрограммные направления расходов местного бюджета | C53: 0 | D53: 0
A54: 1004 | B54: Непрограммные направления расходов местного бюджета | C54: 0 | D54: 0
A55: 1004 | B55: Непрограммные направления расходов местного бюджета | C55: 0 | D55: 0
A56: 1004 | B56: Субвенции федерального бюджета | C56: 0 | D56: 0
A57: 1004 | B57: Субвенции федерального бюджета | C57: 0 | D57: 0
A58: 1004 | B58: Субвенции федерального бюджета | C58: 0 | D58: 0
A59: 1004 | B59: Предоставление жилых помещений детям-сиротам и детям, оставшимся без попечения родителей, лицам из их числа по договорам найма специализированных жилых помещений | C59: 0 | D59: 0
A60: 1004 | B60: Предоставление жилых помещений детям-сиротам и детям, оставшимся без попечения родителей, лицам из их числа по договорам найма специализированных жилых помещений | C60: 0 | D60: 0
A61: 1004 | B61: Капитальные вложения в объекты государственной (муниципальной) собственности | C61: 0 | D61: 0
A62: 1004 | B62: Бюджетные инвестиции | C62: 0 | D62: 0
A63: 1004 | B63: Предоставление межбюджетных трансфертов, а также расходование средств резервных фондов | C63: 0 | D63: 0
A64: 1004 | B64: Субвенции местным бюджетам | C64: 0 | D64: 0
... A69: 1004 | B69: Бюджетные инвестиции | C69: 0 | D69: 0
A70: 1004 | B70: Непрограммные направления расходов местного бюджета | C70: =C71 -> #REF! | D70: =D71 -> #REF!
A71: 1004 | B71: Расходы местного бюджета, в том числе за счет средств, поступающих из областного бюджета, а также расходование средств резервных фондов | C71: =C72+C76 -> #REF! | D71: =D72+D76 -> #REF!
A72: 1004 | B72: Иные межбюджетные трансферты местным бюджетам из областного бюджета | C72: =C73 -> #REF! | D72: =D73 -> #REF!
A73: 1004 | B73: Иные межбюджетные трансферты из областного бюджета местным бюджетам на исполнение органами местного смоуправления Сам. обл. актов гос.органов по обеспечению жилыми помещениями детей-сирот и детей ,оставшихся без попечения родителей | C73: =C74 -> #REF! | D73: =D74 -> #REF!
A74: 1004 | B74: Капитальные вложения в объекты недвижимого имущества государственной (муниципальной) собственности | C74: =C75 -> #REF! | D74: =D75 -> #REF!
A75: 1004 | B75: Бюджетные инвестиции | C75: =Ведом!#REF! -> #REF! | D75: =Ведом!#REF! -> #REF!
A76: 1004 | B76: Расходы местного бюджета, за счет средств областного бюджета, в том числе расходов на предоставление межбюджетных трансфертов местным бюджетам, в целях софинансирования которых областному бюджету предоставляются субсидии из федерального бюджета | C76: =C77 -> #REF! | D76: =D77 -> #REF!
A77: 1004 | B77: Предоставление жилых помещений детям-сиротам и детям, оставшимся без попечения родителей, лицам из их числа по договорам найма специализированных жилых помещений | C77: =C78 -> #REF! | D77: =D78 -> #REF!
A78: 1004 | B78: Капитальные вложения в объекты недвижимого имущества государственной (муниципальной) собственности | C78: =C79 -> #REF! | D78: =D79 -> #REF!
A79: 1004 | B79: Бюджетные инвестиции | C79: =Ведом!#REF! -> #REF! | D79: =Ведом!#REF! -> #REF!
A80: =Ведом!C131 -> 1006 | B80: Другие вопросы в области социальной политики | C80: =Ведом!F131 -> 50 | D80: =Ведом!G131 -> 0
A81: 1006 | B81: Расходы местных бюджетов, в том числе осуществляемые за счет средств, поступающих из областного бюджета, а также расходование средств резервных фондов | C81: =C82 -> #REF! | D81: =D82 -> #REF!
A82: 1006 | B82: Предоставление субсидий городским округам и муниципальным районам Самарской области на поддержку муниципальных программ развития СОНКО | C82: =C83 -> #REF! | D82: =D83 -> #REF!
A83: 1006 | B83: =Ведом!B137 -> Предоставление субсидий бюджетным, автономным учреждениям и иным некоммерческим организациям | C83: =#REF! -> #REF! | D83: =#REF! -> #REF!
A84: 1100 | B84: ФИЗИЧЕСКАЯ КУЛЬТУРА И СПОРТ | C84: =C85 -> 4827.124 | D84: =D85 -> 0
A85: 1101 | B85: Физическая культура | C85: =Ведом!F143 -> 4827.124 | D85: =Ведом!G143 -> 0
A86: 1200 | B86: СРЕДСТВА МАССОВОЙ ИНФОРМАЦИИ | C86: =C87 -> 2422.505 | D86: 0
A87: 1202 | B87: Периодическая печать и издательства | C87: =Ведом!F346 -> 2422.505 | D87: =Ведом!G346 -> 0
A88: 1300 | B88: ОБСЛУЖИВАНИЕ ГОСУДАРСТВЕННОГО (МУНИЦИПАЛЬНОГО) ДОЛГА | C88: =C89 -> 2020 | D88: 0
A89: 1301 | B89: Обслуживание государственного (муниципального) внутреннего долга | C89: =Ведом!F45 -> 2020 | D89: 0
A90: 1400 | B90: МЕЖБЮДЖЕТНЫЕ ТРАНСФЕРТЫ ОБЩЕГО ХАРАКТЕРА БЮДЖЕТАМ БЮДЖЕТНОЙ СИСТЕМЫ РОССИЙСКОЙ ФЕДЕРАЦИИ | C90: =C91+C92 -> 38662.67 | D90: =D91+D92 -> 390
A91: 1401 | B91: Дотации на выравнивание бюджетной обеспеченности субъектов Российской Федерации и муниципальных образований | C91: =Ведом!F49 -> 24915 | D91: =Ведом!G49 -> 390
A92: 1403 | B92: Прочие межбюджетные трансферты общего характера | C92: =Ведом!F53 -> 13747.67 | D92: =Ведом!G53 -> 0
A93: ИТОГО | C93: =C8+C24+C29+C33+C35+C47+C49+C84+C86+C88+C90 -> 304415.22 | D93: =D8+D24+D29+D33+D35+D47+D49+D84+D86+D88+D90 -> 51393.233
A94: 0 | B94: Неуказанная функциональная статья | C94: 0 | D94: 0
A95: 0 | B95: Неуказанная функциональная статья | C95: 0 | D95: 0
A96: 0 | B96: Неуказанная функциональная статья | C96: 0 | D96: 0
A97: 0 | B97: Неуказанная функциональная статья | C97: 0 | D97: 0
A98: 0 | B98: Неуказанная функциональная статья | C98: 0 | D98: 0
A99: 0 | B99: Неуказанная функциональная статья | C99: 0 | D99: 0
A100: 0 | B100: Неуказанная функциональная статья | C100: 0 | D100: 0
A101: 0 | B101: Неуказанная функциональная статья | C101: 0 | D101: 0
A102: 0 | B102: Неуказанная функциональная статья | C102: 0 | D102: 0
A103: 0 | B103: Неуказанная функциональная статья | C103: 0 | D103: 0
A104: 0 | B104: Неуказанная функциональная статья | C104: 0 | D104: 0

Sheet ЦСР_МП
E2: Приложение 6
E3: к решению Собрания представителей
E4: муниципального района Клявлинский Самарской области
E5: "О бюджете муниципального района Клявлинский Самарской области
E6: на 2024 год и плановый период 2025 и 2026 годов"
A8: Распределение бюджетных ассигнований по целевым статьям (муниципальным программам и непрограммным направлениям деятельности), группам (группам и подгруппам) видов расходов классификации расходов бюджета муниципального района Клявлинский Самарской области на 2024 год.
A10: Наименование | B10: ЦСР | C10: ВР | D10: Сумма, тыс. руб.
D11: Всего | E11: в том числе за счет безвозмезд-ных поступлений имеющие целевое назначение из вышестоящих бюджетов
A12: Муниципальная программа "Управление муниципальными финансами и развитие межбюджетных отношений на 2018-2027 годы" | B12: =Ведом!D17 -> 0100000000 | D12: =D13+D15+D22+D17+D20 -> 56176.163 | E12: =E13+E15+E22+E17+E20 -> 390
A13: Расходы на выплаты персоналу в целях обеспечения выполнения функций государственными (муниципальными) органами, казенными учреждениями, органами управления государственными внебюджетными фондами | B13: 0100000000 | C13: 100 | D13: =D14 -> 13942.622 | E13: =E14 -> 0
A14: Расходы на выплаты персоналу казенных учреждений | B14: 0100000000 | C14: 110 | D14: =Ведом!F19+Ведом!F29 -> 13942.622 | E14: =Ведом!G19+Ведом!G29 -> 0
A15: Закупка товаров, работ и услуг для обеспечения государственных (муниципальных) нужд | B15: 0100000000 | C15: 200 | D15: =D16 -> 543.717 | E15: =E16 -> 0
A16: Иные закупки товаров, работ и услуг для обеспечения государственных (муниципальных) нужд | B16: 0100000000 | C16: 240 | D16: =Ведом!F21+Ведом!F31+Ведом!F37 -> 543.717 | E16: =Ведом!G21+Ведом!G31+Ведом!G37 -> 0
A17: Межбюджетные трансферты | B17: 0100000000 | C17: 500 | D17: =D18+D19 -> 39669.824 | E17: =E18+E19 -> 390
A18: Дотации | B18: 0100000000 | C18: 510 | D18: =Ведом!F52 -> 24915 | E18: =Ведом!G52+Ведом!G56 -> 390
A19: Иные межбюджетные трансферты | B19: 0100000000 | C19: 540 | D19: =Ведом!F44+Ведом!F56 -> 14754.824 | E19: =Ведом!G44 -> 0
A20: Обслуживание государственного (муниципального) долга | B20: 0100000000 | C20: 700 | D20: =D21 -> 2020 | E20: =E21 -> 0
A21: Обслуживание муниципального долга | B21: 0100000000 | C21: 730 | D21: =Ведом!F48 -> 2020 | E21: =Ведом!G48 -> 0
A22: Иные бюджетные ассигнования | B22: 0100000000 | C22: 800 | D22: =D23 -> 0 | E22: =E23 -> 0
A23: Уплата налогов, сборов и иных платежей | B23: 0100000000 | C23: 850 | D23: =Ведом!F33 -> 0 | E23: =Ведом!G33 -> 0
A24: Муниципальная программа "Управление имуществом муниципального района Клявлинский на 2019-2027 годы" | B24: =Ведом!D59 -> 0200000000 | D24: =D25+D27+D31+D33+D29 -> 14526.918 | E24: =E25+E27+E31+E33+E29 -> 10076.972
A25: Расходы на выплаты персоналу в целях обеспечения выполнения функций государственными (муниципальными) органами, казенными учреждениями, органами управления государственными внебюджетными фондами | B25: 0200000000 | C25: 100 | D25: =D26 -> 2360.066 | E25: =E26 -> 0
A26: Расходы на выплаты персоналу казенных учреждений | B26: 0200000000 | C26: 110 | D26: =Ведом!F61 -> 2360.066 | E26: =Ведом!G61 -> 0
A27: Закупка товаров, работ и услуг для обеспечения государственных (муниципальных) нужд | B27: 0200000000 | C27: 200 | D27: =D28 -> 1938.852 | E27: =E28 -> 390.972
A28: Иные закупки товаров, работ и услуг для обеспечения государственных (муниципальных) нужд | B28: 0200000000 | C28: 240 | D28: =Ведом!F63+Ведом!F95+Ведом!F81+Ведом!F103 -> 1938.852 | E28: =Ведом!G63+Ведом!G95+Ведом!G81+Ведом!G103 -> 390.972
A29: Социальное обеспечение и иные выплаты населению | B29: 0200000000 | C29: 300 | D29: =D30 -> 2645 | E29: =E30 -> 2645
A30: Социальные выплаты гражданам, кроме публичных нормативных социальных выплат | B30: 0200000000 | C30: 320 | D30: =Ведом!F118+Ведом!F128 -> 2645 | E30: =Ведом!G118+Ведом!G128 -> 2645
A31: Капитальные вложения в объекты государственной (муниципальной) собственности | B31: 0200000000 | C31: 400 | D31: =D32 -> 7041 | E31: =E32 -> 7041
A32: Бюджетные инвестиции | B32: 0200000000 | C32: 410 | D32: =Ведом!F130 -> 7041 | E32: =Ведом!G130 -> 7041
A33: Иные бюджетные ассигнования | B33: 0200000000 | C33: 800 | D33: =D34 -> 542 | E33: =E34 -> 0
A34: Уплата налогов, сборов и иных платежей | B34: 0200000000 | C34: 850 | D34: =Ведом!F65 -> 542 | E34: =Ведом!G65 -> 0
A35: Муниципальная программа "Развитие сельского хозяйства и регулирования рынков сельскохозяйственной продукции, сырья и продовольствия в муниципальном районе Клявлинский на 2019-2027 годы" | B35: =Ведом!D239 -> 0300000000 | D35: =D36+D38+D40 -> 13350.502 | E35: =E36+E38+E40 -> 8813.077
A36: Расходы на выплаты персоналу в целях обеспечения выполнения функций государственными (муниципальными) органами, казенными учреждениями, органами управления государственными внебюджетными фондами | B36: 0300000000 | C36: 100 | D36: =D37 -> 7649.845 | E36: =E37 -> 3328.861
A37: Расходы на выплаты персоналу государственных (муниципальных) органов | B37: 0300000000 | C37: 120 | D37: =Ведом!F246 -> 7649.845 | E37: =Ведом!G246 -> 3328.861
A38: Закупка товаров, работ и услуг для обеспечения государственных (муниципальных) нужд | B38: 0300000000 | C38: 200 | D38: =D39 -> 787.413 | E38: =E39 -> 570.972
A39: Иные закупки товаров, работ и услуг для обеспечения государственных (муниципальных) нужд | B39: 0300000000 | C39: 240 | D39: =Ведом!F248 -> 787.413 | E39: =Ведом!G248 -> 570.972
A40: Иные бюджетные ассигнования | B40: 0300000000 | C40: 800 | D40: =D41 -> 4913.244 | E40: =E41 -> 4913.244
A41: Субсидии юридическим лицам (кроме некоммерческих организаций), индивидуальным предпринимателям, физическим лицам - производителям товаров, работ, услуг | B41: 0300000000 | C41: 810 | D41: =Ведом!F263 -> 4913.244 | E41: =Ведом!G263 -> 4913.244
A42: Муниципальная программа "Снижение административных барьеров, повышение качества предоставления государственных и муниципальных услуг" на базе "Многофункционального центра предоставления государственных и муниципальных услуг" муниципального района Клявлинский Самарской области на 2012-2027 годы" | B42: =Ведом!D66 -> 0400000000 | D42: =D43 -> 26874.157 | E42: =E43 -> 0
A43: Предоставление субсидий бюджетным, автономным учреждениям и иным некоммерческим организациям | B43: 0400000000 | C43: 600 | D43: =D44 -> 26874.157 | E43: =E44 -> 0
A44: Субсидии автономным учреждениям | B44: 0400000000 | C44: 620 | D44: =Ведом!F68 -> 26874.157 | E44: =Ведом!G68 -> 0
A45: Муниципальная программа "Развитие культуры, молодежной политики и спорта муниципального района Клявлинский до 2027 года" | B45: =Ведом!D105 -> 0500000000 | D45: =D46 -> 43892.96 | E45: =E46 -> 303.401
A46: Предоставление субсидий бюджетным, автономным учреждениям и иным некоммерческим организациям | B46: 0500000000 | C46: 600 | D46: =D47 -> 43892.96 | E46: =E47 -> 303.401
A47: Субсидии автономным учреждениям | B47: 0500000000 | C47: 620 | D47: =Ведом!F107+Ведом!F111+Ведом!F151 -> 43892.96 | E47: =Ведом!G107+Ведом!G111+Ведом!G151 -> 303.401
A48: Муниципальная программа "Обеспечение организации образовательного процесса в общеобразовательных учреждениях, расположенных на территории муниципального района Клявлинский Самарской области" на 2013-2027 годы | B48: =Ведом!D314 -> 0600000000 | D48: =D49 -> 69462.971 | E48: =E49 -> 16439.844
A49: Предоставление субсидий бюджетным, автономным учреждениям и иным некоммерческим организациям | B49: 0600000000 | C49: 600 | D49: =D50 -> 69462.971 | E49: =E50 -> 16439.844
A50: Субсидии автономным учреждениям | B50: 0600000000 | C50: 620 | D50: =Ведом!F306+Ведом!F316+Ведом!F321+Ведом!F332 -> 69462.971 | E50: =Ведом!G306+Ведом!G316+Ведом!G321+Ведом!G332 -> 16439.844
A51: Муниципальная программа "Поддержка и развитие районной газеты "Знамя Родины" на 2014-2027 годы" | B51: =Ведом!D347 -> 0700000000 | D51: =D52 -> 2422.505 | E51: =E52 -> 0
A52: Предоставление субсидий бюджетным, автономным учреждениям и иным некоммерческим организациям | B52: 0700000000 | C52: 600 | D52: =D53 -> 2422.505 | E52: =E53 -> 0
A53: Субсидии автономным учреждениям | B53: 0700000000 | C53: 620 | D53: =Ведом!F349 -> 2422.505 | E53: =Ведом!G349 -> 0
A54: Муниципальная программа "Развитие муниципального пассажирского транспорта и транспортной инфраструктуры в муниципальном районе Клявлинский на 2013-2027 годы" | B54: =Ведом!D274 -> 0800000000 | D54: =D55 -> 1871.31 | E54: =E55 -> 0
A55: Иные бюджетные ассигнования | B55: 0800000000 | C55: 800 | D55: =D56 -> 1871.31 | E55: =E56 -> 0
A56: Субсидии юридическим лицам (кроме некоммерческих организаций), индивидуальным предпринимателям, физическим лицам - производителям товаров, работ, услуг | B56: 0800000000 | C56: 810 | D56: =Ведом!F286 -> 1871.31 | E56: =Ведом!G286 -> 0
A57: Капитальные вложения в объекты недвижимого имущества государственной (муниципальной) собственности | B57: 4400000000 | C57: 400 | D57: =D58 -> #REF! | E57: =E58 -> #REF!
A58: Бюджетные инвестиции | B58: 4400000000 | C58: 410 | D58: =Ведом!#REF! -> #REF! | E58: =Ведом!#REF! -> #REF!
A59: Муниципальная программа "Молодой семье - доступное жилье на территории муниципального района Клявлинский Самарской области" на 2024 - 2028 годы | B59: =Ведом!D123 -> 1000000000 | D59: =D60 -> 1335.284 | E59: =E60 -> 782.969
A60: Социальное обеспечение и иные выплаты населению | B60: 1000000000 | C60: 300 | D60: =D61 -> 1335.284 | E60: =E61 -> 782.969
A61: Социальные выплаты гражданам, кроме публичных нормативных социальных выплат | B61: 1000000000 | C61: 320 | D61: =Ведом!F125 -> 1335.284 | E61: =Ведом!G125 -> 782.969
A62: Муниципальная программа "Модернизация и развитие автомобильных дорог общего пользования местного значения вне границ населенных пунктов в границах муниципального района Клявлинский Самарской области на 2014-2027 годы" | B62: =Ведом!D75 -> 1100000000 | D62: =D63 -> 13705.469 | E62: =E63 -> 0
A63: Закупка товаров, работ и услуг для обеспечения государственных (муниципальных) нужд | B63: 1100000000 | C63: 200 | D63: =D64 -> 13705.469 | E63: =E64 -> 0
A64: Иные закупки товаров, работ и услуг для обеспечения государственных (муниципальных) нужд | B64: 1100000000 | C64: 240 | D64: =Ведом!F77 -> 13705.469 | E64: =Ведом!G77 -> 0
A65: Муниципальная программа "Природоохранные мероприятия на территории муниципального района Клявлинский на 2023-2027 гг." | B65: =Ведом!D161 -> 1200000000 | D65: =D66+D68 -> 247.87 | E65: =E66+E68 -> 235.07
A66: Расходы на выплаты персоналу в целях обеспечения выполнения функций государственными (муниципальными) органами, казенными учреждениями, органами управления государственными внебюджетными фондами | B66: 1200000000 | C66: 100 | D66: =D67 -> 205.078 | E66: =E67 -> 205.078
A67: Расходы на выплаты персоналу государственных (муниципальных) органов | B67: 1200000000 | C67: 120 | D67: =Ведом!F163 -> 205.078 | E67: =Ведом!G163 -> 205.078
A68: Закупка товаров, работ и услуг для обеспечения государственных (муниципальных) нужд | B68: 1200000000 | C68: 200 | D68: =D69 -> 42.792 | E68: =E69 -> 29.992
A69: Иные закупки товаров, работ и услуг для обеспечения государственных (муниципальных) нужд | B69: 1200000000 | C69: 240 | D69: =Ведом!F165+Ведом!F201 -> 42.792 | E69: =Ведом!G165 -> 29.992
A70: Муниципальная программа "Защита населения и территории муниципального района Клявлинский от чрезвычайных ситуаций, обеспечение пожарной безопасности и безопасности людей на водных объектах на 2021-2027 годы" | B70: 1300000000 | D70: =D71 -> 100
A71: Иные бюджетные ассигнования | B71: 1300000000 | C71: 800 | D71: =D72 -> 100
A72: Резервные средства | B72: 1300000000 | C72: 870 | D72: =Ведом!F197 -> 100
A73: Муниципальная программа "Управление делами в муниципальном районе Клявлинский на 2017-2027 годы" | B73: =Ведом!D202 -> 1400000000 | D73: =D74+D76+D78 -> 25454.507 | E73: =E74+E76+E78 -> 12221.945
A74: Расходы на выплаты персоналу в целях обеспечения выполнения функций государственными (муниципальными) органами, казенными учреждениями, органами управления государственными внебюджетными фондами | B74: 1400000000 | C74: 100 | D74: =D75 -> 15456.89 | E74: =E75 -> 3722.518
A75: Расходы на выплаты персоналу казенных учреждений | B75: 1400000000 | C75: 110 | D75: =Ведом!F204 -> 15456.89 | E75: =Ведом!G204 -> 3722.518
A76: Закупка товаров, работ и услуг для обеспечения государственных (муниципальных) нужд | B76: 1400000000 | C76: 200 | D76: =D77 -> 9993.117 | E76: =E77 -> 8499.427
A77: Иные закупки товаров, работ и услуг для обеспечения государственных (муниципальных) нужд | B77: 1400000000 | C77: 240 | D77: =Ведом!F206+Ведом!F343 -> 9993.117 | E77: =Ведом!G206+Ведом!G343 -> 8499.427
A78: Иные бюджетные ассигнования | B78: 1400000000 | C78: 800 | D78: =D79 -> 4.5 | E78: =E79 -> 0
A79: Уплата налогов, сборов и иных платежей | B79: 1400000000 | C79: 850 | D79: =Ведом!F208 -> 4.5 | E79: =Ведом!G208 -> 0
A80: Муниципальная программа "Поддержка и развитие малого и среднего предпринимательства на территории муниципального района Клявлинский Самарской области" на 2023 - 2027годы | B80: =Ведом!D82 -> 1700000000 | D80: =D81+D83 -> 659.3 | E80: =E81+E83 -> 0
A81: Предоставление субсидий бюджетным, автономным учреждениям и иным некоммерческим организациям | B81: 1700000000 | C81: 600 | D81: =D82 -> 614.3 | E81: =E82 -> 0
A82: Субсидии некоммерческим организациям (за исключением государственных (муниципальных) учреждений, государственных корпораций (компаний), публично-правовых компаний) | B82: 1700000000 | C82: 630 | D82: =Ведом!F84 -> 614.3 | E82: =Ведом!G84 -> 0
A83: =Ведом!B289 -> Иные бюджетные ассигнования | B83: =Ведом!D289 -> 1700000000 | C83: =Ведом!E289 -> 800 | D83: =D84 -> 45 | E83: =E84 -> 0
A84: =Ведом!B290 -> Субсидии юридическим лицам (кроме некоммерческих организаций), индивидуальным предпринимателям, физическим лицам - производителям товаров, работ, услуг | B84: =Ведом!D290 -> 1700000000 | C84: =Ведом!E290 -> 810 | D84: =Ведом!F290 -> 45 | E84: =Ведом!G290 -> 0
A85: Муниципальная программа "Развитие муниципального управления и эффективная деятельность органов местного самоуправления в муниципальном районе Клявлинский Самарской области на 2024 – 2030 годы" | B85: =Ведом!D157 -> 1800000000 | D85: =D86+D88+D90+D95+D93 -> 21993.546 | E85: =E86+E88+E90+E95+E93 -> 5.514
A86: Расходы на выплаты персоналу в целях обеспечения выполнения функций государственными (муниципальными) органами, казенными учреждениями, органами управления государственными внебюджетными фондами | B86: 1800000000 | C86: 100 | D86: =D87 -> 17631.705 | E86: =E87 -> 0
A87: Расходы на выплаты персоналу государственных (муниципальных) органов | B87: 1800000000 | C87: 120 | D87: =Ведом!F157+Ведом!F173+Ведом!F266 -> 17631.705 | E87: =Ведом!G157+Ведом!G173+Ведом!G266 -> 0
A88: Закупка товаров, работ и услуг для обеспечения государственных (муниципальных) нужд | B88: 1800000000 | C88: 200 | D88: =D89 -> 2044.732 | E88: =E89 -> 0
A89: Иные закупки товаров, работ и услуг для обеспечения государственных (муниципальных) нужд | B89: 1800000000 | C89: 240 | D89: =Ведом!F175+Ведом!F211+Ведом!F293 -> 2044.732 | E89: =Ведом!G175+Ведом!G211+Ведом!G293 -> 0
A90: Социальное обеспечение и иные выплаты населению | B90: 1800000000 | C90: 300 | D90: =D91+D92 -> 2150.592 | E90: =E91 -> 0
A91: Публичные нормативные социальные выплаты гражданам | B91: 1800000000 | C91: 310 | D91: =Ведом!F336 -> 2150.592 | E91: =Ведом!G336 -> 0
A92: Социальные выплаты гражданам, кроме публичных нормативных социальных выплат | B92: 1800000000 | C92: 320 | D92: =Ведом!F177 -> 0 | E92: 0
A93: Предоставление субсидий бюджетным, автономным учреждениям и иным некоммерческим организациям | B93: 1800000000 | C93: 600 | D93: =D94 -> 5.514 | E93: =E94 -> 5.514
A94: Субсидии автономным учреждениям | B94: 1800000000 | C94: 620 | D94: =Ведом!F189 -> 5.514 | E94: =Ведом!G189 -> 5.514
A95: Иные бюджетные ассигнования | B95: 1800000000 | C95: 800 | D95: =D96+D97 -> 161.003 | E95: =E96+E97 -> 0
A96: Исполнение судебных актов | B96: 1800000000 | C96: 830 | D96: =Ведом!F213 -> 0 | E96: =Ведом!G213 -> 0
A97: Уплата налогов, сборов и иных платежей | B97: 1800000000 | C97: 850 | D97: =Ведом!F179+Ведом!F214 -> 161.003 | E97: =Ведом!G179+Ведом!G214 -> 0
A98: Муниципальная программа "Улучшение условий охраны труда в муниципальном районе Клявлинский Самарской области на 2021-2027 годы" | B98: 1900000000 | D98: =D100+D102 -> 602.441 | E98: =E100+E102 -> 602.441
A99: Муниципальная программа «Формирование комфортной городской среды на территории муниципального района Клявлинский Самарской области на 2018-2022 годы» | C99: 850 | D99: =Ведом!#REF! -> #REF! | E99: =Ведом!#REF! -> #REF!
A100: Расходы на выплаты персоналу в целях обеспечения выполнения функций государственными (муниципальными) органами, казенными учреждениями, органами управления государственными внебюджетными фондами | B100: 1900000000 | C100: 100 | D100: =D101 -> 537.894 | E100: =E101 -> 537.894
A101: Расходы на выплаты персоналу государственных (муниципальных) органов | B101: 1900000000 | C101: 120 | D101: =Ведом!F182 -> 537.894 | E101: =Ведом!G182 -> 537.894
A102: Закупка товаров, работ и услуг для обеспечения государственных (муниципальных) нужд | B102: 1900000000 | C102: 200 | D102: =D103 -> 64.547 | E102: =E103 -> 64.547
A103: Иные закупки товаров, работ и услуг для обеспечения государственных (муниципальных) нужд | B103: 1900000000 | C103: 240 | D103: =Ведом!F184 -> 64.547 | E103: =Ведом!G184 -> 64.547
...

Sheet ФКР_МП
G1: Приложение 8
G2: к решению Собрания представителей
G3: муниципального района Клявлинский Самарской области
G4: "О бюджете муниципального района Клявлинский Самарской области
G5: на 2024 год и плановый период 2025 и 2026 годов"
A7: Распределение бюджетных ассигнований по разделам, подразделам, целевым статьям (муниципальным программам и непрограммным направлениям деятельности), группам (группам и подгруппам) видов расходов классификации расходов бюджета муниципального района Клявлинский Самарской области на 2024 год.
A9: Наименование | B9: Рз | C9: ПР | D9: ЦСР | E9: ВР | F9: Сумма, тыс. руб.
F10: Всего | G10: в том числе за счет безвозмезд-ных поступлений имеющие целевое назначение из вышестоящих бюджетов
A11: ИТОГО | F11: =F12+F97+F123+F132+F137+F166+F174+F208+F216+F221+F226 -> 304415.22 | G11: =G12+G97+G123+G132+G137+G166+G174+G208+G216+G221+G226 -> 51393.233
A12: ОБЩЕГОСУДАРСТВЕННЫЕ ВОПРОСЫ | B12: 01 | C12: 00 | F12: =F13+F17+F40+F44+F59+F63 -> 85926.42 | G12: =G13+G17+G40+G44+G59+G63 -> 5348.26
A13: Функционирование высшего должностного лица субъекта Российской Федерации и муниципального образования | B13: 01 | C13: 02 | F13: =F14 -> 2955.437 | G13: =G14 -> 0
A14: Муниципальная программа "Развитие муниципального управления и эффективная деятельность органов местного самоуправления в муниципальном районе Клявлинский Самарской области на 2024 – 2030 годы" | B14: 01 | C14: 02 | D14: 1800000000 | F14: =F15 -> 2955.437 | G14: =G15 -> 0
A15: Расходы на выплаты персоналу в целях обеспечения выполнения функций государственными (муниципальными) органами, казенными учреждениями, органами управления государственными внебюджетными фондами | B15: 01 | C15: 02 | D15: 1800000000 | E15: 100 | F15: =F16 -> 2955.437 | G15: =G16 -> 0
A16: Расходы на выплаты персоналу государственных (муниципальных) органов | B16: 01 | C16: 02 | D16: 1800000000 | E16: 120 | F16: =Ведом!F159 -> 2955.437 | G16: =Ведом!G159 -> 0
A17: Функционирование Правительства Российской Федерации, высших исполнительных органов государственной власти субъектов Российской Федерации, местных администраций | B17: 01 | C17: 04 | F17: =F18+F21+F26+F35 -> 18448.746 | G17: =G18+G21+G26+G35 -> 837.511
A18: Муниципальная программа "Управление муниципальными финансами и развитие межбюджетных отношений на 2018-2027 годы" | B18: 01 | C18: 04 | D18: 0100000000 | F18: =F19 -> 813.915
A19: Расходы на выплаты персоналу в целях обеспечения выполнения функций государственными (муниципальными) органами, казенными учреждениями, органами управления государственными внебюджетными фондами | B19: 01 | C19: 04 | D19: 0100000000 | E19: 100 | F19: =F20 -> 813.915
A20: Расходы на выплаты персоналу казенных учреждений | B20: 01 | C20: 04 | D20: 0100000000 | E20: 110 | F20: =Ведом!F19 -> 813.915
A21: Муниципальная программа "Природоохранные мероприятия на территории муниципального района Клявлинский на 2023-2027 гг." | B21: 01 | C21: 04 | D21: 1200000000 | F21: =F22+F24 -> 235.07 | G21: =G22+G24 -> 235.07
A22: Расходы на выплаты персоналу в целях обеспечения выполнения функций государственными (муниципальными) органами, казенными учреждениями, органами управления государственными внебюджетными фондами | B22: 01 | C22: 04 | D22: 1200000000 | E22: 100 | F22: =F23 -> 205.078 | G22: =G23 -> 205.078
A23: Расходы на выплаты персоналу государственных (муниципальных) органов | B23: 01 | C23: 04 | D23: 1200000000 | E23: 120 | F23: =Ведом!F163 -> 205.078 | G23: =Ведом!G163 -> 205.078
A24: Закупка товаров, работ и услуг для обеспечения государственных (муниципальных) нужд | B24: 01 | C24: 04 | D24: 1200000000 | E24: 200 | F24: =F25 -> 29.992 | G24: =G25 -> 29.992
A25: Иные закупки товаров, работ и услуг для обеспечения государственных (муниципальных) нужд | B25: 01 | C25: 04 | D25: 1200000000 | E25: 240 | F25: =Ведом!F165 -> 29.992 | G25: =Ведом!G165 -> 29.992
A26: Муниципальная программа "Развитие муниципального управления и эффективная деятельность органов местного самоуправления в муниципальном районе Клявлинский Самарской области на 2024 – 2030 годы" | B26: 01 | C26: 04 | D26: 1800000000 | F26: =F27+F29+F31+F33 -> 16797.32 | G26: =G27+G29+G31+G33 -> 0
A27: Расходы на выплаты персоналу в целях обеспечения выполнения функций государственными (муниципальными) органами, казенными учреждениями, органами управления государственными внебюджетными фондами | B27: 01 | C27: 04 | D27: 1800000000 | E27: 100 | F27: =F28 -> 14676.268 | G27: =G28 -> 0
A28: Расходы на выплаты персоналу государственных (муниципальных) органов | B28: 01 | C28: 04 | D28: 1800000000 | E28: 120 | F28: =Ведом!F173 -> 14676.268 | G28: 0
A29: Закупка товаров, работ и услуг для обеспечения государственных (муниципальных) нужд | B29: 01 | C29: 04 | D29: 1800000000 | E29: 200 | F29: =F30 -> 2010.049 | G29: =G30 -> 0
A30: Иные закупки товаров, работ и услуг для обеспечения государственных (муниципальных) нужд | B30: 01 | C30: 04 | D30: 1800000000 | E30: 240 | F30: =Ведом!F175 -> 2010.049 | G30: 0
A31: Иные бюджетные ассигнования | B31: 01 | C31: 04 | D31: 1800000000 | E31: 800 | F31: =F32 -> 111.003 | G31: =G32 -> 0
A32: Уплата налогов, сборов и иных платежей | B32: 01 | C32: 04 | D32: 1800000000 | E32: 850 | F32: =Ведом!F179 -> 111.003 | G32: =Ведом!G179 -> 0
A33: Социальное обеспечение и иные выплаты населению | B33: 01 | C33: 04 | D33: 1800000000 | E33: 300 | F33: =F34 -> 0 | G33: =G34 -> 0
A34: Социальные выплаты гражданам, кроме публичных нормативных социальных выплат | B34: 01 | C34: 04 | D34: 1800000000 | E34: 320
A35: Муниципальная программа "Улучшение условий охраны труда в муниципальном районе Клявлинский Самарской области на 2021-2027 годы" | B35: 01 | C35: 04 | D35: 1900000000 | F35: =F36+F38 -> 602.441 | G35: =G36+G38 -> 602.441
A36: Расходы на выплаты персоналу в целях обеспечения выполнения функций государственными (муниципальными) органами, казенными учреждениями, органами управления государственными внебюджетными фондами | B36: 01 | C36: 04 | D36: 1900000000 | E36: 100 | F36: =F37 -> 537.894 | G36: =G37 -> 537.894
A37: Расходы на выплаты персоналу государственных (муниципальных) органов | B37: 01 | C37: 04 | D37: 1900000000 | E37: 120 | F37: =Ведом!F182 -> 537.894 | G37: =Ведом!G182 -> 537.894
A38: Закупка товаров, работ и услуг для обеспечения государственных (муниципальных) нужд | B38: 01 | C38: 04 | D38: 1900000000 | E38: 200 | F38: =F39 -> 64.547 | G38: =G39 -> 64.547
A39: Иные закупки товаров, работ и услуг для обеспечения государственных (муниципальных) нужд | B39: 01 | C39: 04 | D39: 1900000000 | E39: 240 | F39: =Ведом!F184 -> 64.547 | G39: =Ведом!G184 -> 64.547
A40: Судебная система | B40: 01 | C40: 05 | F40: =F41 -> 5.514 | G40: =G41 -> 5.514
A41: Муниципальная программа "Развитие муниципального управления и эффективная деятельность органов местного самоуправления в муниципальном районе Клявлинский Самарской области на 2024 – 2030 годы" | B41: 01 | C41: 05 | D41: 1800000000 | F41: =F42 -> 5.514 | G41: =G42 -> 5.514
A42: Предоставление субсидий бюджетным, автономным учреждениям и иным некоммерческим организациям | B42: 01 | C42: 05 | D42: 1800000000 | E42: 600 | F42: =F43 -> 5.514 | G42: =G43 -> 5.514
A43: Субсидии автономным учреждениям | B43: 01 | C43: 05 | D43: 1800000000 | E43: 620 | F43: =Ведом!F188 -> 5.514 | G43: =Ведом!G188 -> 5.514
A44: Обеспечение деятельности финансовых, налоговых и таможенных органов и органов финансового (финансово-бюджетного) надзора | B44: 01 | C44: 06 | F44: =F45+F52 -> 15086.156 | G44: =G45+G52 -> 0
A45: Муниципальная программа "Управление муниципальными финансами и развитие межбюджетных отношений на 2018-2027 годы" | B45: 01 | C45: 06 | D45: 0100000000 | F45: =F46+F48+F50 -> 13672.424 | G45: =G46+G48+G50 -> 0
A46: Расходы на выплаты персоналу в целях обеспечения выполнения функций государственными (муниципальными) органами, казенными учреждениями, органами управления государственными внебюджетными фондами | B46: 01 | C46: 06 | D46: 0100000000 | E46: 100 | F46: =F47 -> 13128.707 | G46: =G47 -> 0
A47: Расходы на выплаты персоналу казенных учреждений | B47: 01 | C47: 06 | D47: 0100000000 | E47: 110 | F47: =Ведом!F29 -> 13128.707 | G47: =Ведом!G29 -> 0
A48: Закупка товаров, работ и услуг для обеспечения государственных (муниципальных) нужд | B48: 01 | C48: 06 | D48: 0100000000 | E48: 200 | F48: =F49 -> 543.717 | G48: =G49 -> 0
A49: Иные закупки товаров, работ и услуг для обеспечения государственных (муниципальных) нужд | B49: 01 | C49: 06 | D49: 0100000000 | E49: 240 | F49: =Ведом!F31 -> 543.717 | G49: =Ведом!G31 -> 0
A50: Иные бюджетные ассигнования | B50: 01 | C50: 06 | D50: 0100000000 | E50: 800 | F50: =F51 -> 0 | G50: =G51 -> 0
A51: Уплата налогов, сборов и иных платежей | B51: 01 | C51: 06 | D51: 0100000000 | E51: 850 | F51: =Ведом!F32 -> 0 | G51: =Ведом!G32 -> 0
A52: Муниципальная программа "Создание условий для эффективного осуществления полномочий Счетной палатой муниципального района Клявлинский Самарской области на 2021-2027 годы" | B52: 01 | C52: 06 | D52: 4900000000 | F52: =F53+F55+F57 -> 1413.732
A53: Расходы на выплаты персоналу в целях обеспечения выполнения функций государственными (муниципальными) органами, казенными учреждениями, органами управления государственными внебюджетными фондами | B53: 01 | C53: 06 | D53: 4900000000 | E53: 100 | F53: =F54 -> 1395.232
A54: Расходы на выплаты персоналу государственных (муниципальных) органов | B54: 01 | C54: 06 | D54: 4900000000 | E54: 120 | F54: =Ведом!F354 -> 1395.232 | G54: =Ведом!G354 -> 0
A55: Закупка товаров, работ и услуг для обеспечения государственных (муниципальных) нужд | B55: 01 | C55: 06 | D55: 4900000000 | E55: 200 | F55: =F56 -> 18.5
A56: Иные закупки товаров, работ и услуг для обеспечения государственных (муниципальных) нужд | B56: 01 | C56: 06 | D56: 4900000000 | E56: 240 | F56: =Ведом!F356 -> 18.5 | G56: =Ведом!G356 -> 0
A57: Иные бюджетные ассигнования | B57: 01 | C57: 06 | D57: 4900000000 | E57: 800 | F57: =F58 -> 0
A58: Уплата налогов, сборов и иных платежей | B58: 01 | C58: 06 | D58: 4900000000 | E58: 850 | F58: =Ведом!F357 -> 0
A59: Резервные фонды | B59: 01 | C59: 11 | F59: =F60 -> 100
A60: Муниципальная программа "Защита населения и территории муниципального района Клявлинский от чрезвычайных ситуаций, обеспечение пожарной безопасности и безопасности людей на водных объектах на 2021-2027 годы" | B60: 01 | C60: 11 | D60: 1300000000 | F60: =F61 -> 100
A61: Иные бюджетные ассигнования | B61: 01 | C61: 11 | D61: 1300000000 | E61: 800 | F61: =F62 -> 100
A62: Резервные средства | B62: 01 | C62: 11 | D62: 1300000000 | E62: 870 | F62: =Ведом!F197 -> 100
A63: Другие общегосударственные вопросы | B63: 01 | C63: 13 | F63: =F64+F71+F74+F77+F84+F90+F94 -> 49330.567 | G63: =G64+G71+G74+G77+G84+G90+G94 -> 4505.235
A64: Муниципальная программа "Управление имуществом муниципального района Клявлинский на 2019-2027 годы" | B64: 01 | C64: 13 | D64: 0200000000 | F64: =F65+F67+F69 -> 4176.048 | G64: =G65+G67+G69 -> 0
A65: Расходы на выплаты персоналу в целях обеспечения выполнения функций государственными (муниципальными) органами, казенными учреждениями, органами управления государственными внебюджетными фондами | B65: 01 | C65: 13 | D65: 0200000000 | E65: 100 | F65: =F66 -> 2360.066 | G65: =G66 -> 0
A66: Расходы на выплаты персоналу казенных учреждений | B66: 01 | C66: 13 | D66: 0200000000 | E66: 110 | F66: =Ведом!F61 -> 2360.066 | G66: =Ведом!G61 -> 0
A67: Закупка товаров, работ и услуг для обеспечения государственных (муниципальных) нужд | B67: 01 | C67: 13 | D67: 0200000000 | E67: 200 | F67: =F68 -> 1273.982 | G67: =G68 -> 0
A68: Иные закупки товаров, работ и услуг для обеспечения государственных (муниципальных) нужд | B68: 01 | C68: 13 | D68: 0200000000 | E68: 240 | F68: =Ведом!F63 -> 1273.982 | G68: =Ведом!G63 -> 0
A69: Иные бюджетные ассигнования | B69: 01 | C69: 13 | D69: 0200000000 | E69: 800 | F69: =F70 -> 542 | G69: =G70 -> 0
A70: Уплата налогов, сборов и иных платежей | B70: 01 | C70: 13 | D70: 0200000000 | E70: 850 | F70: =Ведом!F65 -> 542 | G70: =Ведом!G65 -> 0
A71: Муниципальная программа "Снижение административных барьеров, повышение качества предоставления государственных и муниципальных услуг" на базе "Многофункционального центра предоставления государственных и муниципальных услуг" муниципального района Клявлинский Самарской области на 2012-2027 годы" | B71: 01 | C71: 13 | D71: 0400000000 | F71: =F72 -> 26874.157 | G71: =G72 -> 0
A72: Предоставление субсидий бюджетным, автономным учреждениям и иным некоммерческим организациям | B72: 01 | C72: 13 | D72: 0400000000 | E72: 600 | F72: =F73 -> 26874.157 | G72: =G73 -> 0
A73: Субсидии автономным учреждениям | B73: 01 | C73: 13 | D73: 0400000000 | E73: 620 | F73: =Ведом!F68 -> 26874.157 | G73: =Ведом!G68 -> 0
A74: Муниципальная программа "Природоохранные мероприятия на территории муниципального района Клявлинский на 2023-2027 гг." | B74: 01 | C74: 13 | D74: 1200000000 | F74: =F75 -> 12.8 | G74: =G75 -> 0
A75: Закупка товаров, работ и услуг для обеспечения государственных (муниципальных) нужд | B75: 01 | C75: 13 | D75: 1200000000 | E75: 200 | F75: =F76 -> 12.8 | G75: =G76 -> 0
A76: Иные закупки товаров, работ и услуг для обеспечения государственных (муниципальных) нужд | B76: 01 | C76: 13 | D76: 1200000000 | E76: 240 | F76: =Ведом!F201 -> 12.8 | G76: =Ведом!G201 -> 0
A77: Муниципальная программа "Управление делами в муниципальном районе Клявлинский на 2017-2027 годы" | B77: 01 | C77: 13 | D77: 1400000000 | F77: =F78+F80+F82 -> 17737.797 | G77: =G78+G80+G82 -> 4505.235
A78: Расходы на выплаты персоналу в целях обеспечения выполнения функций государственными (муниципальными) органами, казенными учреждениями, органами управления государственными внебюджетными фондами | B78: 01 | C78: 13 | D78: 1400000000 | E78: 100 | F78: =F79 -> 15456.89 | G78: =G79 -> 3722.518
A79: Расходы на выплаты персоналу казенных учреждений | B79: 01 | C79: 13 | D79: 1400000000 | E79: 110 | F79: =Ведом!F204 -> 15456.89 | G79: =Ведом!G204 -> 3722.518
A80: Закупка товаров, работ и услуг для обеспечения государственных (муниципальных) нужд | B80: 01 | C80: 13 | D80: 1400000000 | E80: 200 | F80: =F81 -> 2276.407 | G80: =G81 -> 782.717
A81: Иные закупки товаров, работ и услуг для обеспечения государственных (муниципальных) нужд | B81: 01 | C81: 13 | D81: 1400000000 | E81: 240 | F81: =Ведом!F206 -> 2276.407 | G81: =Ведом!G206 -> 782.717
A82: Иные бюджетные ассигнования | B82: 01 | C82: 13 | D82: 1400000000 | E82: 800 | F82: =F83 -> 4.5 | G82: =G83 -> 0
A83: Уплата налогов, сборов и иных платежей | B83: 01 | C83: 13 | D83: 1400000000 | E83: 850 | F83: =Ведом!F208 -> 4.5 | G83: =Ведом!G208 -> 0
A84: Муниципальная программа "Развитие муниципального управления и эффективная деятельность органов местного самоуправления в муниципальном районе Клявлинский Самарской области на 2024 – 2030 годы" | B84: 01 | C84: 13 | D84: 1800000000 | F84: =F85+F87 -> 84.683 | G84: =G85+G87 -> 0
A85: Закупка товаров, работ и услуг для обеспечения государственных (муниципальных) нужд | B85: 01 | C85: 13 | D85: 1800000000 | E85: 200 | F85: =F86 -> 34.683 | G85: =G86 -> 0
A86: Иные закупки товаров, работ и услуг для обеспечения государственных (муниципальных) нужд | B86: 01 | C86: 13 | D86: 1800000000 | E86: 240 | F86: =Ведом!F211 -> 34.683 | G86: =Ведом!G211 -> 0
A87: Иные бюджетные ассигнования | B87: 01 | C87: 13 | D87: 1800000000 | E87: 800 | F87: =F88+F89 -> 50 | G87: =G88+G89 -> 0
A88: Исполнение судебных актов | B88: 01 | C88: 13 | D88: 1800000000 | E88: 830 | F88: =Ведом!F213 -> 0 | G88: =Ведом!G213 -> 0
A89: Уплата налогов, сборов и иных платежей | B89: 01 | C89: 13 | D89: 1800000000 | E89: 850 | F89: =Ведом!F214 -> 50 | G89: =Ведом!G214 -> 0
A90: Муниципальная программа "Создание благоприятных условий в целях привлечения медицинских работников для работы в государственных бюджетных учреждениях здравоохранения, расположенных на территории муниципального района Клявлинский Самарской области на 2019-2027 годы" | B90: 01 | C90: 13 | D90: =Ведом!D223 -> 4200000000 | F90: =F91 -> 116 | G90: =G91 -> 0
A91: Социальное обеспечение и иные выплаты населению | B91: 01 | C91: 13 | D91: 4200000000 | E91: 300 | F91: =F93+F92 -> 116 | G91: =G93 -> 0
A92: Стипендии | B92: 01 | C92: 13 | D92: 4200000000 | E92: 340 | F92: =Ведом!F225 -> 46 | G92: =Ведом!G225 -> 0
A93: Иные выплаты населению | B93: 01 | C93: 13 | D93: 4200000000 | E93: 360 | F93: =Ведом!F226 -> 70 | G93: =Ведом!G226 -> 0
A94: Муниципальная программа "Профилактика правонарушений и обеспечение общественной безопасности в муниципальном районе Клявлинский на 2020-2027 годы" | B94: 01 | C94: 13 | D94: 4800000000 | F94: =F95 -> 329.082 | G94: =G95 -> 0
A95: Закупка товаров, работ и услуг для обеспечения государственных (муниципальных) нужд | B95: 01 | C95: 13 | D95: 4800000000 | E95: 200 | F95: =F96 -> 329.082
A96: Иные закупки товаров, работ и услуг для обеспечения государственных (муниципальных) нужд | B96: 01 | C96: 13 | D96: 4800000000 | E96: 240 | F96: =Ведом!F237 -> 329.082
A97: НАЦИОНАЛЬНАЯ ЭКОНОМИКА | B97: 04 | C97: 00 | F97: =F99+F106+F110+F114 -> 29687.451 | G97: =G99+G106+G110+G114 -> 8904.049
A98: Сельское хозяйство и рыболовство | B98: 04 | C98: 05 | F98: =F99 -> 13350.502 | G98: =G99 -> 8813.077
A99: Муниципальная программа "Развитие сельского хозяйства и регулирования рынков сельскохозяйственной продукции, сырья и продовольствия в муниципальном районе Клявлинский на 2019-2027 годы" | B99: 04 | C99: 05 | D99: 0300000000 | F99: =F100+F102+F104 -> 13350.502 | G99: =G100+G102+G104 -> 8813.077
A100: Расходы на выплаты персоналу в целях обеспечения выполнения функций государственными (муниципальными) органами, казенными учреждениями, органами управления государственными внебюджетными фондами | B100: 04 | C100: 05 | D100: 0300000000 | E100: 100 | F100: =F101 -> 7649.845 | G100: =G101 -> 3328.861
A101: Расходы на выплаты персоналу государственных (муниципальных) органов | B101: 04 | C101: 05 | D101: 0300000000 | E101: 120 | F101: =Ведом!F246 -> 7649.845 | G101: =Ведом!G246 -> 3328.861
A102: Закупка товаров, работ и услуг для обеспечения государственных (муниципальных) нужд | B102: 04 | C102: 05 | D102: 0300000000 | E102: 200 | F102: =F103 -> 787.413 | G102: =G103 -> 570.972
...
